 Dungeon Crawl Stone Soup version 0.27-a0-1500-g450c7e4133 (webtiles) character file.

Game seed: 8640047512332448926

158 hatdisgam the Gusty (level 5, -1/37 HPs)
             Began as a Gnoll Air Elementalist on July 8, 2021.
             Succumbed to a kobold brigand's curare-tipped dart
             ... on level 4 of the Dungeon.
             The game lasted 00:07:26 (3909 turns).

hatdisgam the Gusty (Gnoll Air Elementalist)        Turns: 3909, Time: 00:07:27

Health: -1/37      AC:  3    Str:  8    XL:     5   Next: 40%
Magic:  9/12       EV: 17    Int: 15    God:
Gold:   125        SH:  0    Dex: 12    Spells: 9/14 levels left

rFire    . . .     SeeInvis .   u - +0 short sword (elec)
rCold    . . .     Faith    .   (no shield)
rNeg     . . .     Spirit   .   a - +0 robe
rPois    .         Reflect  .   (no helmet)
rElec    .         Harm     .   h - +0 cloak
rCorr    .         Rampage  .   (no gloves)
Will     .....                  (no boots)
Stlth    +++.......             (no amulet)
HPRegen  0.12/turn              l - +4 ring of evasion
MPRegen  0.13/turn              (no ring)

@: lethally poisoned (-1 -> -36), slowed, very slow
A: fangs 1, strong nose, distributed training
a: no special abilities


You were on level 4 of the Dungeon.
You visited 1 branch of the dungeon, and saw 4 of its levels.

You collected 125 gold pieces.

Inventory:

Hand Weapons
 f - a +0 dagger
 s - a +0 morningstar
 t - a +3 morningstar
 u - a +0 short sword of electrocution (weapon)
Missiles
 d - 44 arrows
 e - 67 stones
 j - 25 sling bullets
 k - 8 atropa-tipped darts
 r - 19 bolts
Armour
 a - a +0 robe (worn)
 h - a +0 cloak (worn)
Jewellery
 l - a +4 ring of evasion (left hand)
Wands
 w - a wand of digging (4)
Scrolls
 b - a scroll of identify {unknown}
 i - a scroll of fog {unknown}
 p - a scroll of enchant armour {unknown}
 q - a scroll of enchant weapon {unknown}
 v - a scroll of fear {unknown}
Potions
 c - a potion of cancellation {unknown}
 g - a potion of degeneration {unknown}
 m - 2 potions of might {unknown}
 n - a potion of brilliance {unknown}
 o - 2 potions of curing {unknown}
 x - a potion of haste {unknown}


   Skills:
 + Level 1.4 Fighting
 + Level 1.4 Short Blades
 + Level 1.4 Long Blades
 + Level 1.4 Axes
 + Level 1.4 Maces & Flails
 + Level 1.4 Polearms
 + Level 1.4 Staves
 + Level 1.4 Slings
 + Level 1.4 Bows
 + Level 1.4 Crossbows
 + Level 1.4 Throwing
 + Level 1.4 Armour
 + Level 4.8 Dodging
 + Level 4.4 Stealth
 + Level 1.4 Shields
 + Level 1.4 Unarmed Combat
 + Level 5.2 Spellcasting
 + Level 2.4 Conjurations
 + Level 1.1 Hexes
 + Level 1.1 Summonings
 + Level 1.1 Necromancy
 + Level 1.1 Translocations
 + Level 1.1 Transmutations
 + Level 1.1 Fire Magic
 + Level 1.1 Ice Magic
 + Level 5.5 Air Magic
 + Level 1.1 Earth Magic
 + Level 1.1 Poison Magic
 + Level 1.6 Invocations
 + Level 1.4 Evocations


You had 9 spell levels left.
You knew the following spells:

 Your Spells              Type           Power      Damage    Failure   Level
a - Shock                 Conj/Air       60%        1d6       3%          1
b - Sandblast             Erth           14%        2d6       10%         1
c - Summon Guardian Gole  Hex/Summ       7%         N/A       30%         3

Your spell library contained the following spells:

 Spells                   Type           Power      Damage    Failure   Level
 Static Discharge         Conj/Air       15%        N/A       4%          2
 Swiftness                Air            20%        N/A       4%          3
 Summon Small Mammal      Summ           28%        N/A       10%         1
 Passwall                 Tmut/Erth      5%         N/A       16%         2
 Airstrike                Air            10%        N/A       16%         4
 Call Canine Familiar     Summ           7%         N/A       30%         3
 Gell's Gravitas          Tloc           3%         N/A       30%         3
 Teleport Other           Tloc           7%         N/A       30%         3
 Lee's Rapid Deconstruct  Erth           3%         3d6*      95%         5
 Dispersal                Tloc           3%         N/A       100%        6


Dungeon Overview and Level Annotations

Branches:
Dungeon (4/15)
 Temple: D:4-7

Altars:
Ashenzari

Shops:
D:2 =

Annotations:
D:2 Terence


Innate Abilities, Weirdness & Mutations

You have very sharp teeth.
Your uncanny sense of smell can sniff out nearby items.
Your experience applies equally to all skills.


Message History

Press: ? - help, Shift-Dir - straight line, f - kobold brigand
Aim: a kobold brigand, wielding a +3 whip and quivering curare-tipped darts (64% to hit)
The zap hits the kobold brigand.
The kobold brigand is lightly wounded.
Unknown command.
Casting: Shock (safe; 3% risk of failure)
Confirm with . or Enter, or press ? or * to list all spells.
Aiming: Shock (safe; 3% risk of failure)
Press: ? - help, Shift-Dir - straight line, f/p - kobold brigand
Aim: a kobold brigand, wielding a +3 whip and quivering curare-tipped darts (lightly wounded, 64% to hit)
The zap hits the kobold brigand.
The kobold brigand is lightly wounded.
The kobold brigand throws a curare-tipped dart.
The curare-tipped dart hits you.
You are poisoned.
You have difficulty breathing.
You feel yourself slow down.
Casting: Shock (safe; 3% risk of failure)
Confirm with . or Enter, or press ? or * to list all spells.
Aiming: Shock (safe; 3% risk of failure)
Press: ? - help, Shift-Dir - straight line, f/p - kobold brigand
Aim: a kobold brigand, wielding a +3 whip and quivering curare-tipped darts (lightly wounded, 64% to hit)
The zap hits the kobold brigand.
The kobold brigand is lightly wounded.
You feel very sick.
The kobold brigand throws a curare-tipped dart.
The curare-tipped dart hits you.
You are more poisoned.
You have difficulty breathing.
You feel as though you will be slow longer.
Unknown command.
You feel extremely sick.
The kobold brigand throws a curare-tipped dart.
The curare-tipped dart hits you.
You are more poisoned.
You have difficulty breathing.
* * * LOW HITPOINT WARNING * * *
You feel as though you will be slow longer.
There is a stone staircase leading up here.
You see here a +0 dagger.
You die...

##########
#........#
#..@.<...#
#........#
#.......##
#......##
####..##
#K.# ...#
....# ...#


You could see a kobold brigand.

Vanquished Creatures
  A water moccasin skeleton (D:3)
  A bullfrog skeleton (D:3)
  An adder (D:3)
  An ufetubus (D:3)
  A dart slug (D:1)
  2 orcs (D:3)
  7 ball pythons
  6 bats
  6 endoplasms
  2 giant cockroaches
  7 goblins
  4 hobgoblins
  8 jackals
  5 kobolds
  A quokka (D:3)
  5 frilled lizards
  4 rats
62 creatures vanquished.

Notes
Turn   | Place    | Note
-------+----------+-------------------------------------------
     0 | D:1      | hatdisgam the Gnoll Air Elementalist began the quest for
                  | the Orb.
     0 | D:1      | Reached XP level 1. HP: 13/13 MP: 6/6
    73 | D:1      | Learned a level 1 spell: Sandblast
   114 | D:1      | Found a faded altar of an unknown god.
   390 | D:1      | Reached XP level 2. HP: 19/19 MP: 5/7
  1083 | D:1      | Reached XP level 3. HP: 25/25 MP: 7/9
  1441 | D:2      | Reached skill level 5 in Spellcasting
  1685 | D:2      | Learned a level 3 spell: Summon Guardian Golem
  1702 | D:2      | Reached skill level 1 in Invocations
  1772 | D:2      | Noticed Terence
  1778 | D:2      | Noticed a nameless horror
  2388 | D:2      | Found Liyduho's Jewellery Emporium.
  2741 | D:3      | Reached skill level 1 in Fighting
  2741 | D:3      | Reached skill level 1 in Short Blades
  2741 | D:3      | Reached skill level 1 in Long Blades
  2741 | D:3      | Reached skill level 1 in Axes
  2741 | D:3      | Reached skill level 1 in Maces & Flails
  2741 | D:3      | Reached skill level 1 in Polearms
  2741 | D:3      | Reached skill level 1 in Staves
  2741 | D:3      | Reached skill level 1 in Slings
  2741 | D:3      | Reached skill level 1 in Bows
  2741 | D:3      | Reached skill level 1 in Crossbows
  2741 | D:3      | Reached skill level 1 in Throwing
  2741 | D:3      | Reached skill level 1 in Armour
  2741 | D:3      | Reached skill level 1 in Shields
  2741 | D:3      | Reached skill level 1 in Unarmed Combat
  2741 | D:3      | Reached skill level 1 in Hexes
  2741 | D:3      | Reached skill level 1 in Summonings
  2741 | D:3      | Reached skill level 1 in Necromancy
  2741 | D:3      | Reached skill level 1 in Translocations
  2741 | D:3      | Reached skill level 1 in Transmutations
  2741 | D:3      | Reached skill level 1 in Fire Magic
  2741 | D:3      | Reached skill level 1 in Ice Magic
  2741 | D:3      | Reached skill level 1 in Earth Magic
  2741 | D:3      | Reached skill level 1 in Poison Magic
  2741 | D:3      | Reached skill level 1 in Evocations
  2741 | D:3      | Reached XP level 4. HP: 6/32 MP: 6/11
  3406 | D:3      | Found a broken altar of Ashenzari.
  3524 | D:3      | Reached XP level 5. HP: 32/37 MP: 5/12
  3904 | D:4      | Noticed a kobold brigand
  3909 | D:4      | Succumbed to a kobold brigand's curare-tipped dart

Illustrated notes

Levels and vault maps discovered:
D:1:      eino_arrival_tree_alley, layout_basic,
          shapermc_ecumenical_altar_totnotflames, serial_corexii_hall,
          corexii_hall_statues_l, chequers_hall_statues_y,
          corexii_hall_statues_x
D:2:      layout_loops_ring, serial_shops, nicolae_shop_window_shopping,
          minmay_tree_intersection, uniq_terence
D:3:      layout_loops_ring, ashenzari_altar_1, patterned_corridor
D:4:      layout_gridville, xom_teletrap_fun,
          nicolae_dithmenos_through_a_glass_darkly, temple_pool_b

Skill      XL: |  1  2  3 |
---------------+----------+-----
Conjurations   | 2 |  2.4
Spellcasting   | 5 |  5.2
Invocations    | 1 |  1.6
Fighting       | 1 |  1.4
Short Blades   | 1 |  1.4
Long Blades    | 1 |  1.4
Axes           | 1 |  1.4
Maces & Flails | 1 |  1.4
Polearms       | 1 |  1.4
Staves         | 1 |  1.4
Slings         | 1 |  1.4
Bows           | 1 |  1.4
Crossbows      | 1 |  1.4
Throwing       | 1 |  1.4
Armour         | 1 |  1.4
Shields        | 1 |  1.4
Unarmed Combat | 1 |  1.4
Hexes          | 1 |  1.1
Summonings     | 1 |  1.1
Necromancy     | 1 |  1.1
Translocations | 1 |  1.1
Transmutations | 1 |  1.1
Fire Magic     | 1 |  1.1
Ice Magic      | 1 |  1.1
Earth Magic    | 1 |  1.1
Poison Magic   | 1 |  1.1
Evocations     | 1 |  1.4
Dodging        | |  4.8
Stealth        | |  4.4
Air Magic      | |  5.5

Action                   |  1- 3 |  4- 6 || total
-------------------------+-------+-------++-------
Melee: Dagger            |     1 |       ||     1
       Morningstar       |     9 |    18 ||    27
       Short sword       |       |     7 ||     7
 Cast: Shock             |    67 |    22 ||    89
       Sandblast         |     3 |     8 ||    11
 Stab: Sleeping          |       |     5 ||     5
Armor: Robe              |     1 |     5 ||     6
Dodge: Dodged            |    18 |    28 ||    46

Table legend: (Time is in decaauts)
 A = Elapsed time spent in this place.
 B = Non-inter-level travel time spent in this place.
 C = Inter-level travel time spent in this place.
 D = Time resting spent in this place.
 E = Time spent auto-exploring this place.
 F = Levels seen in this place.
 G = Mean time per level.
                   A        B        C        D        E       F      G
               +--------+--------+--------+--------+--------+-----+--------+
         Total |   3922 |   3768 |    154 |    247 |   3001 |   4 |  980.5 |
       Dungeon |   3922 |   3768 |    154 |    247 |   3001 |   4 |  980.5 |
               +--------+--------+--------+--------+--------+-----+--------+

Top non-repeatable levels by time:
     D:2: 1512 daAuts
     D:1: 1437 daAuts
     D:3: 932 daAuts
     D:4: 39 daAuts
